 Dungeon Crawl Stone Soup version 0.13-b1-4-g58e4d93 (webtiles) character file.

3917 Chiseanne the Nimble (level 10, -15/88 HPs)
             Began as a Naga Monk on Sept 28, 2013.
             Was a Priest of Trog.
             Demolished by a large slime creature (18 damage)
             ... on Level 9 of the Dungeon.
             The game lasted 00:41:33 (8318 turns).

Chiseanne the Nimble (Naga Monk)                    Turns: 8318, Time: 00:41:33

HP -15/88        AC  7     Str 15      XL: 10   Next: 17%
MP   9/9         EV 15     Int 11      God: Trog [***...]
Gold 94          SH  0     Dex 15      Spells:  0 memorised,  9 levels left

Res.Fire  : . . .   See Invis. : +   a - +1,+5 flail (drain)
Res.Cold  : . . .   Warding    : .   l - +0 troll leather armour
Life Prot.: . . .   Conserve   : .   (no shield)
Res.Poison: +       Res.Corr.  : .   m - +0 helmet
Res.Elec. : .       Clarity    : .   (no cloak)
Sust.Abil.: . .     Spirit.Shd : .   (no gloves)
Res.Mut.  : .       Stasis     : .   (no barding)
Res.Rott. : .       Flight     : .   (no amulet)
Saprovore : . . .                    (no ring)
                                     d - ring of hunger

@: exhausted, very slow, somewhat resistant to hostile enchantments, fairly
stealthy
A: spit poison, see invisible, deformed body, poison resistance, slowness 2, AC
+3
a: Spit Poison, Burn Spellbooks, Berserk, Trog's Hand, Renounce Religion


You were on level 9 of the Dungeon.
You worshipped Trog.
Trog was most pleased with you.
You were hungry.

You visited 2 branches of the dungeon, and saw 10 of its levels.

You collected 502 gold pieces.
You spent 408 gold pieces at shops.

Inventory:

Hand weapons
 a - a +1,+5 flail of draining (weapon)
 w - a +2,+2 bow of evasion
Missiles
 c - 149 arrows
 g - 4 curare-tipped needles
 i - 6 steel darts (quivered)
 n - 11 sling bullets of flame
 q - 8 bolts of flame
 y - 11 poisoned sling bullets
 A - 25 bolts
Armour
 l - a +0 troll leather armour (worn)
 m - a +0 helmet (worn)
Magical devices
 k - a wand of enslavement (9)
 v - a wand of enslavement (10)
 x - a wand of confusion (0)
 D - a wand of disintegration (5)
Comestibles
 b - 11 bread rations
 u - 6 meat rations
Scrolls
 e - 5 scrolls of remove curse
 f - 2 scrolls of magic mapping
 h - 3 scrolls of teleportation
 j - a scroll of enchant weapon II
 o - 4 scrolls of fog
 r - a scroll of fear
 t - 2 scrolls of curse weapon {unknown}
Jewellery
 d - a ring of hunger (left hand)
Potions
 p - 2 potions of might
 s - 3 potions of curing
 z - a potion of restore abilities
 B - a potion of heal wounds


   Skills:
 * Level 6.5 Fighting
 * Level 4.4 Maces & Flails
 * Level 2.9 Bows
 * Level 4.6 Armour
 * Level 9.0 Dodging
 - Level 3.0 Stealth
 - Level 4.0 Unarmed Combat


You had 9 spell levels left.
You didn't know any spells.

Dungeon Overview and Level Annotations

Branches:
Dungeon (9/27)             Temple (1/1) D:4             Orc (0/4) D:8
   Lair: D:8-13

Altars:
Ashenzari
Cheibriados
Elyvilon
Fedhas
Kikubaaqudgha
Makhleb
Nemelex Xobeh
Okawaru
Sif Muna
Trog
Vehumet
Xom
Yredelemnul
Zin


Innate Abilities, Weirdness & Mutations

You cannot wear boots.
You can spit poison.
Your serpentine skin is tough (AC +3).
You have supernaturally acute eyesight.
Armour fits poorly on your strangely shaped body.
Your system is resistant to poisons.
You cover ground very slowly.


Message History

You feel less resistant to hostile enchantments.
The orc closely misses you. The large slime creature hits you.
The orc hits you with an orcish flail!
The large slime creature hits you but does no damage.
You hit the large slime creature. You drain the large slime creature!
The large slime creature is lightly wounded.
The large slime creature hits you!
* * * LOW HITPOINT WARNING * * *
The orc completely misses you.
The large slime creature hits you but does no damage.
The large slime creature hits you!
* * * LOW HITPOINT WARNING * * *
The large slime creature misses you.
Read which item? (? for menu, Esc to quit)
As you read the scroll of fear, it crumbles to dust.
You assume a fearsome visage.
The orc looks frightened!
The large slime creature resists with some effort.
You feel yourself speed up. The large slime creature hits you!
You die...

...#.# ##.# ###### ####.#
#.....# #...... # #.#
#.....# #....... # #.#
#.....# #....$... # #.#
#.....# #........ # #.#
#.....# #........ #)#
#.....# #....(....
####)###.....######.........
................@J))o.......
.....###!....#######.#######
.....###.....#### .#
.................. ..
.....###.######## .## .....#
#.# .# .....# #.# .# .....#
#.# .# ###..# #.# .


You could see a large slime creature and an orc (fleeing).

Vanquished Creatures
  Pikel (D:4)
  A hill giant (D:9)
  A troll (D:8)
  A slime creature (D:9)
  Edmund (D:5)
  A necrophage (D:8)
  An orc warrior (D:9)
  4 centaurs
  An ogre (D:6)
  2 ice beasts
  A phantom (D:4)
  Sigmund (D:7)
  A water moccasin (D:7)
  A gnoll sergeant (D:7)
  3 giant frogs
  4 crimson imps
  Duvessa (D:5)
  3 vampire bats (D:5)
  Dowan (D:5)
  4 hounds
  7 worker ants
  4 scorpions
  4 orc wizards
  An iguana (D:9)
  Jessica (D:3)
  3 goliath beetles
  Ijyb (D:7)
  A hound zombie (D:6)
  Terence (D:3)
  A hound skeleton (D:4)
  12 gnolls
  6 adders
  A giant mite (D:5)
  2 worms
  A giant eyeball (D:6)
  3 giant geckos
  16 orcs
  2 ball pythons
  4 giant cockroaches
  10 goblins
  13 hobgoblins
  10 jackals
  10 kobolds
  15 bats
  A giant cockroach zombie (D:5)
  6 giant newts
  2 quokkas
  11 rats
  12 ballistomycetes
195 creatures vanquished.

Vanquished Creatures (others)
  2 giant spores
2 creatures vanquished.

Grand Total: 197 creatures vanquished

Notes
Turn   | Place    | Note
--------------------------------------------------------------
     0 | D:1      | Chiseanne, the Naga Monk, began the quest for the Orb.
     0 | D:1      | Reached XP level 1. HP: 19/19 MP: 0/0
   546 | D:1      | Reached XP level 2. HP: 20/26 MP: 1/1
  1348 | D:1      | Reached XP level 3. HP: 29/33 MP: 2/2
  1744 | D:2      | Found a deep blue altar of Sif Muna.
  1998 | D:2      | Reached XP level 4. HP: 10/40 MP: 3/3
  2080 | D:2      | Gained mutation: Your magical capacity is low (-10% MP). [potion of mutation]
  2080 | D:2      | Gained mutation: You are surrounded by a mild repulsion field (EV +2). [potion of mutation]
  2080 | D:2      | Gained mutation: You are partially covered in iridescent scales (AC +4). [potion of mutation]
  2183 | D:2      | Reached XP level 5. HP: 22/48 MP: 3/3
  2390 | D:3      | Noticed Jessica
  2401 | D:3      | Killed Jessica
  2544 | D:3      | Noticed Terence
  2553 | D:3      | Killed Terence
  2981 | D:4      | Noticed a phantom
  3024 | D:4      | Killed a phantom
  3024 | D:4      | Reached XP level 6. HP: 29/56 MP: 4/4
  3183 | D:4      | Reached skill level 5 in Dodging
  3269 | D:4      | Found a staircase to the Ecumenical Temple.
  3671 | Temple   | Entered the Ecumenical Temple
  3677 | Temple   | Became a worshipper of Trog the Wrathful
  3677 | Temple   | Acquired Trog's first power
  3677 | Temple   | Acquired Trog's second power
  3938 | D:4      | Reached XP level 7. HP: 63/63 MP: 5/5
  4042 | D:4      | Noticed Pikel
  4043 | D:4      | Noticed a slave
  4043 | D:4      | Noticed a slave
  4044 | D:4      | Noticed a slave
  4046 | D:4      | Noticed a slave
  4054 | D:4      | Killed Pikel
  4054 | D:4      | Reached skill level 5 in Fighting
  4054 | D:4      | Reached skill level 6 in Dodging
  4054 | D:4      | Reached XP level 8. HP: 72/72 MP: 6/6
  4215 | D:5      | Entered Level 5 of the Dungeon
  4514 | D:5      | Noticed Edmund
  4527 | D:5      | Killed Edmund
  4532 | D:5      | Reached skill level 1 in Maces & Flails
  4591 | D:5      | Noticed Dowan
  4592 | D:5      | Noticed Duvessa
  4603 | D:5      | Killed Duvessa
  4621 | D:5      | Killed Dowan
  4621 | D:5      | Reached skill level 7 in Dodging
  5052 | D:6      | Reached skill level 1 in Bows
  5268 | D:6      | Reached XP level 9. HP: 79/79 MP: 7/7
  5303 | D:6      | Found an iron altar of Okawaru.
  5490 | D:6      | Paralysed by a giant eyeball for 4 turns
  5496 | D:6      | Paralysed by a giant eyeball for 4 turns
  5719 | D:7      | Reached skill level 8 in Dodging
  5996 | D:7      | Noticed Ijyb
  6005 | D:7      | Killed Ijyb
  6016 | D:7      | Found Ariurch's Food Shop.
  6025 | D:7      | Bought a pear for 11 gold pieces
  6025 | D:7      | Bought a meat ration for 56 gold pieces
  6025 | D:7      | Bought a bread ration for 56 gold pieces
  6025 | D:7      | Bought a bread ration for 56 gold pieces
  6025 | D:7      | Bought a bread ration for 56 gold pieces
  6025 | D:7      | Bought a choko for 5 gold pieces
  6025 | D:7      | Bought a bread ration for 56 gold pieces
  6025 | D:7      | Bought a bread ration for 56 gold pieces
  6025 | D:7      | Bought a meat ration for 56 gold pieces
  6329 | D:7      | Noticed Sigmund
  6338 | D:7      | Killed Sigmund
  6902 | D:8      | Lost mutation: Your magical capacity is low (-10% MP). [potion of cure mutation]
  6902 | D:8      | Lost mutation: You are partially covered in iridescent scales (AC +4). [potion of cure mutation]
  6902 | D:8      | Lost mutation: You are surrounded by a mild repulsion field (EV +2). [potion of cure mutation]
  7115 | D:8      | Found a staircase to the Orcish Mines.
  8041 | D:9      | Noticed a hill giant
  8062 | D:9      | Killed a hill giant
  8062 | D:9      | Reached XP level 10. HP: 88/88 MP: 9/9
  8258 | D:9      | Reached skill level 9 in Dodging
  8316 | D:9      | HP: 1/88 [large slime creature (23)]
  8318 | D:9      | Demolished by a large slime creature

Action                   |  1- 3 |  4- 6 |  7- 9 | 10-12 || total
-------------------------+-------+-------+-------+-------++-------
Melee: Club              |    78 |       |       |       ||    78
       Unarmed           |     7 |       |       |       ||     7
       Short sword       |    44 |       |       |       ||    44
       Trident           |    52 |   155 |     8 |       ||   215
       Flail             |       |       |   322 |    47 ||   369
       Whip              |       |       |    52 |       ||    52
Throw: Throwing net      |       |     1 |     3 |       ||     4
       Dart              |       |       |     8 |       ||     8
       Spear             |       |       |     1 |       ||     1
Invok: Berserk           |       |       |     7 |     1 ||     8
       Trog's Hand       |       |       |     5 |     1 ||     6
       Burn Spellbooks   |       |       |     1 |       ||     1
 Abil: Spit Poison       |     7 |    12 |    13 |       ||    32
Evoke: Wand              |       |       |    12 |       ||    12
  Use: Scroll            |     3 |       |    14 |     2 ||    19
       Potion            |       |     5 |     4 |       ||     9
 Stab: Sleeping          |     1 |     4 |       |       ||     5
